Map: Winter's Gate LE

Players

riddle (THERIDDLER) - Winner!

  • Race: Terran Terran
  • Spawn Location: 5:00

BlysK

  • Race: Protoss Protoss
  • League: Master
  • Spawn Location: 11:00

Event: NationWars 2019

VOD

Have the link to the VOD?

Description

Time

  • Played on: Oct. 5, 2019, 12:50 p.m.
  • Length: 9:36

All games in this series

Show
View Real Time Build Order
Export as new Build Order

riddle Terran - Winner!

Build Orders: Gas First Reaper Expand 

Get SALT Encoding   

  12  0:00  SCV  
  13  0:13  SCV  
  14  0:17  Supply Depot  
  14  0:25  SCV  
  15  0:29  Refinery  
  15  0:38  SCV  
  16  0:44  Barracks  
  16  0:50  SCV  
  17  1:02  SCV  
  18  1:14  SCV  
  19  1:32  Orbital Command, Reaper  
  20  1:45  Command Center  
  20  1:55  Factory  
  20  1:59  SCV  
  21  2:07  Barracks Reactor  
  21  2:10  Supply Depot  
  21  2:12  SCV  
  22  2:20  Refinery  
  22  2:31  SCV  
  23  2:47  Starport  
  23  2:48  SCV  
  24  2:53  Hellion x2  
  24  2:54  Barracks Tech Lab  
  28  3:00  SCV  
  28  3:05  Orbital Command  
  29  3:15  Hellion x2  
  33  3:22  SCV  
  33  3:25  Viking  
  36  3:34  SCV x2  
  38  3:46  SCV x2  
  38  3:47  Siege Tank, Marine x2  
  42  3:54  Supply Depot  
  42  3:56  Starport Tech Lab  
  42  3:57  Refinery  
  42  3:58  SCV  
  42  3:59  SCV  
  44  4:05  Marine x2  
  46  4:10  Barracks  
  46  4:16  SCV x2  
  48  4:17  Raven, Supply Depot  
  50  4:27  Marine  
  50  4:28  SCV x2, Marine  
  54  4:37  Supply Depot  
  54  4:39  Siege Tank  
  54  4:44  SCV x2  
  59  4:46  Supply Depot  
  57  4:56  Marine x2  
  53  5:00  Barracks, SCV x2  
  53  5:06  Stimpack  
  53  5:07  Marauder  
  57  5:11  Siege Tank  
  57  5:12  SCV, Starport Reactor  
  61  5:18  Marine  
  61  5:19  Marine  
  63  5:22  SCV  
  63  5:27  Barracks  
  64  5:29  Barracks  
  64  5:30  Marauder  
  64  5:33  SCV  
  64  5:35  Engineering Bay  
  67  5:36  Marine x2  
  66  5:47  Siege Tank  
  68  5:50  SCV  
  68  5:51  SCV, Marine  
  68  5:52  Barracks Tech Lab  
  71  5:58  Marine  
  71  5:59  Medivac, Marine  
  71  6:01  Medivac  
  77  6:05  SCV  
  77  6:07  Supply Depot  
  77  6:11  Supply Depot  
  78  6:22  Supply Depot  
  78  6:24  Marauder x2, Marine x3  
  85  6:26  Marine  
  85  6:27  Combat Shield  
  85  6:32  Medivac  
  88  6:38  Supply Depot  
  88  6:41  Medivac, Marine x2  
  88  6:43  Marine  
  88  6:44  Marine  
  88  6:45  Marine  
  88  6:46  Marauder  
  97  6:53  Concussive Shells  
  97  6:56  SCV  
  97  6:59  Marine x2  
  97  7:00  Marine  
  100  7:08  Marine x2  
  102  7:09  Marauder, Command Center  
  104  7:18  SCV x2  
  104  7:20  Marine x2  
  104  7:21  Marine  
  108  7:26  Marauder, Marine  
  114  7:30  Siege Tank, Marauder  
  116  7:38  Marine x2  
  116  7:44  Marine  
  118  7:50  Marine  
  118  7:56  Marine  
  118  7:57  Marauder  
  118  7:58  Marauder  
  118  7:59  Medivac  
  118  8:00  Medivac  
  113  8:06  Marine  
  113  8:12  Marine  
  105  8:18  Marauder  
  108  8:20  Marauder  
  99  8:39  Marauder  
  99  8:40  Marine x2  
  99  8:41  Marauder, Marine x2  
  99  8:46  Siege Tank  
  101  8:48  SCV  
Show
View Real Time Build Order
Export as new Build Order

BlysK Protoss 

Build Orders: 1 Gate Expand, Blink Stalkers 

Get SALT Encoding   

  12  0:01  Probe  
  13  0:13  Probe  
  14  0:18  Pylon  
  14  0:25  Probe (Chrono Boost)  
  15  0:37  Probe (Chrono Boost)  
  15  0:39  Gateway  
  16  0:45  Probe (Chrono Boost)  
  16  0:47  Assimilator  
  17  0:51  Probe  
  18  1:03  Probe  
  19  1:15  Probe  
  20  1:27  Probe  
  20  1:28  Cybernetics Core  
  22  1:40  Nexus  
  22  1:42  Probe  
  22  1:47  Assimilator  
  22  1:52  Pylon  
  22  1:54  Probe  
  23  2:08  Adept (Chrono Boost)  
  23  2:10  Probe  
  26  2:16  Twilight Council  
  26  2:18  Warp Gate  
  26  2:28  Adept (Chrono Boost)  
  26  2:33  Probe  
  28  2:45  Probe  
  29  2:52  Gateway  
  29  2:54  Gateway  
  29  2:55  Blink (Chrono Boost)  
  29  2:57  Probe  
  30  3:07  Probe  
  30  3:11  Stalker  
  33  3:18  Probe  
  34  3:23  Robotics Facility  
  34  3:24  Probe  
  35  3:30  Pylon  
  35  3:37  Probe  
  35  3:38  Probe  
  37  3:49  Probe  
  37  3:50  Probe  
  39  3:58  Probe  
  39  4:01  Probe  
  41  4:06  Probe  
  41  4:07  Stalker x3  
  47  4:13  Probe, Observer  
  47  4:17  Pylon, Probe  
  51  4:25  Probe  
  51  4:29  Probe  
  52  4:31  Stalker, Assimilator  
  52  4:36  Stalker x2  
  52  4:37  Probe  
  59  4:41  Probe  
  57  4:49  Probe  
  56  4:53  Probe  
  54  5:05  Probe x2 (Chrono Boost)  
  54  5:07  Nexus  
  56  5:11  Robotics Bay  
  58  5:14  Probe (Chrono Boost)  
  58  5:17  Probe (Chrono Boost)  
  58  5:19  Charge, Probe (Chrono Boost)  
  58  5:20  Pylon  
  58  5:23  Pylon  
  58  5:26  Probe  
  59  5:31  Probe  
  60  5:38  Probe  
  55  5:43  Probe  
  55  5:49  Immortal (Chrono Boost)  
  52  5:50  Probe  
  57  5:57  Gateway  
  57  5:59  Sentry, Gateway  
  57  6:01  Gateway  
  59  6:07  Forge  
  59  6:08  Probe  
  59  6:09  Probe  
  61  6:15  Assimilator  
  61  6:17  Disruptor (Chrono Boost)  
  61  6:19  Gateway  
  61  6:20  Probe x2  
  61  6:21  Probe  
  67  6:30  Shield Battery  
  67  6:32  Probe  
  68  6:37  Probe  
  69  6:40  Zealot x2  
  69  6:42  Pylon  
  69  6:44  Pylon, Probe  
  69  6:45  Disruptor (Chrono Boost)  
  77  6:51  Stalker  
  77  6:52  Probe  
  79  6:54  Probe  
  79  6:55  Protoss Ground Armor Level 1  
  80  7:02  Probe  
  80  7:05  Stalker  
  83  7:12  Stalker x2  
  83  7:13  Sentry  
  83  7:14  Disruptor (Chrono Boost)  
  87  7:18  Zealot x3  
  96  7:27  Pylon  
  96  7:30  Stalker  
  96  7:35  Stalker x2  
  102  7:38  Probe  
  105  7:50  Stalker  
  105  7:51  Stalker x2  
  87  8:15  Archon  
  77  8:20  Zealot x4  
  61  8:35  Zealot  
  45  8:41  Zealot x3  
Tags
 
Add a new tag
Caveats
  • Supply blocks, unpowered buildings, or Contaminate may cause inaccurate times.
  • Supply counts are checked every 10 seconds.